 Dungeon Crawl Stone Soup version 0.16.1-4-g8e1b745 (webtiles) character file.

3525 abixa the Martial Artist (level 10, -7/55 HPs)
             Began as a Vine Stalker Monk on Mar 27, 2015.
             Was a Priest of Makhleb.
             Mangled by an orc knight
             ... wielding a +0 halberd
              (19 damage)
             ... in a bailey.
             The game lasted 00:39:38 (6496 turns).

abixa the Martial Artist (Vine Stalker Monk)        Turns: 6496, Time: 00:39:38

Health: -7/55      AC:  6    Str: 14    XL:     10   Next: 8%
Magic:  0/24       EV: 12    Int: 10    God:    Makhleb [***...]
Gold:   306        SH:  0    Dex: 20    Spells: 0 memorised, 9 levels left

rFire  . . .     SeeInvis .       - Unarmed
rCold  + . .     Clarity  .     e - +0 ring mail
rNeg   + . .     SustAb   .     (no shield)
rPois  .         Gourm    .     (no helmet)
rElec  .         Spirit   +     d - +0 cloak
rCorr  .         Warding  +     (no gloves)
rMut   .         Stasis   .     (no boots)
MR     +....                    G - amulet of warding
Stlth  ++........               (no ring)
                                O - ring of protection from cold

@: somewhat resistant to hostile enchantments, unstealthy
A: fangs 3, regeneration 2, magic shield, antimagic bite, no device heal 3, rot
immunity
a: Minor Destruction, Lesser Servant of Makhleb, Renounce Religion


You were in a bailey.
You worshipped Makhleb.
Makhleb was most pleased with you.
You were hungry.

You visited 2 branches of the dungeon, and saw 8 of its levels.
You also visited: Bailey.

You collected 306 gold pieces.

Inventory:

Hand weapons
 b - a +2 dagger of venom
 w - a +0 trident of protection
Missiles
 a - 183 stones (quivered)
 s - 36 arrows
 E - 3 tomahawks of returning
 J - 8 tomahawks
 K - 4 javelins
Armour
 d - a +0 cloak (worn)
 e - a +0 ring mail (worn)
 r - a +3 ring mail
Jewellery
 l - an uncursed ring of ice
 G - an amulet of warding (around neck)
 O - a ring of protection from cold (left hand)
 R - an uncursed ring of teleportation
Magical devices
 c - a wand of polymorph (14)
 t - a wand of slowing (13)
 F - a wand of paralysis (8)
Scrolls
 g - 3 scrolls of summoning
 m - 2 scrolls of teleportation
 o - a scroll of immolation
 P - a scroll of recharging {unknown}
Potions
 f - a potion of agility {unknown}
 h - a potion of cure mutation {unknown}
 i - a potion of brilliance {unknown}
 j - 2 potions of heal wounds {unknown}
 n - 8 potions of curing
 p - 2 potions of flight {unknown}
 q - a potion of beneficial mutation {unknown}
 A - a potion of invisibility {unknown}
 I - a potion of berserk rage {unknown}
 M - a potion of poison {unknown}
 N - a potion of lignification {unknown}
Comestibles
 k - 4 fruits
 u - 2 chunks of flesh
 z - a beef jerky


   Skills:
 - Level 7.2 Fighting
 - Level 2.4 Dodging
 - Level 2.4 Stealth
 - Level 9.1 Unarmed Combat
 + Level 9.0 Invocations


You had 9 spell levels left.
You didn't know any spells.

Dungeon Overview and Level Annotations

Branches:
Dungeon (7/15)             Temple (1/1) D:4

Altars:
Ashenzari
Cheibriados
Dithmenos
Elyvilon
Gozag
Kikubaaqudgha
Makhleb
Nemelex Xobeh
Okawaru
Ru
Sif Muna
Trog
Vehumet
Xom
Yredelemnul
The Shining One

Annotations:
D:3 abixa's ghost, average CeWr
D:5 Yermak's ghost, average SpAs


Innate Abilities, Weirdness & Mutations

You have razor-sharp teeth.
You heal very quickly.
When hurt, damage is shared between your health and your magic reserves.
Your bite disrupts and absorbs the magic of your enemies.
Potions and wands cannot restore your health.
You are immune to rotting.


Message History

Press: ? - help, Shift-Dir - straight line, f/p - orc knight
Aim: an orc knight, wielding a halberd and wearing a runed scale mail (almost dead, covered in acid)
The stone arrow hits the orc knight.
The orc knight is almost dead.
You feel slightly more hungry. The orc knight barely misses you.
Use which ability? (? or * to list)
Press: ? - help, Shift-Dir - straight line, f/p - orc knight
Aim: an orc knight, wielding a halberd and wearing a runed scale mail (almost dead, covered in acid)
The zap hits the orc knight.
The orc knight is almost dead.
You feel slightly more hungry.
The orc knight hits you from afar with a halberd.
* * * LOW HITPOINT WARNING * * *
Use which ability? (? or * to list)
Press: ? - help, Shift-Dir - straight line, f/p - orc knight
Aim: an orc knight, wielding a halberd and wearing a runed scale mail (almost dead, covered in acid)
The orc knight resists with some effort.
You are feeling hungry.
The orc knight hits you from afar with a halberd!!
You die...

#######
##..∩.@##
#.....).#
#∩..))o∩#
#...).).#
#....)..#
#.....).#
#...).).#
#.).))..#
#.......#


You could see an orc knight.

Vanquished Creatures
  Pikel (D:4)
  A phantom (D:3)
  3 orc warriors (Bailey)
  2 slaves
  A black bear (D:6)
  3 ice beasts
  A sky beast (D:5)
  2 ogres
  A centaur (D:5)
  Duvessa (D:4)
  A giant frog (D:6)
  2 scorpions (D:6)
  The ghost of puimuR the Ruffian, a weakling TrAM (D:4)
  A centaur zombie (D:6)
  Dowan (D:4)
  3 crimson imps
  2 hounds
  A giant frog skeleton (D:3)
  4 orc priests
  6 orc wizards
  Natasha (twice) (D:6)
  6 worker ants
  A worker ant zombie (D:7)
  6 adders
  4 gnolls (Bailey)
  A shadow imp (D:7)
  2 worms
  An adder skeleton (D:4)
  5 giant geckos
  51 orcs
  4 ball pythons
  A bat skeleton (D:4)
  2 bat zombies
  6 giant cockroaches
  7 hobgoblins
  8 jackals
  12 kobolds
  16 bats
  A giant gecko skeleton (D:6)
  3 giant newts (D:2)
  8 goblins
  4 quokkas
  11 rats
200 creatures vanquished.

Vanquished Creatures (collateral kills)
  2 orc knights (Bailey)
  An orange demon (Bailey)
  4 orc warriors (Bailey)
  3 gnolls (Bailey)
  8 orcs (Bailey)
18 creatures vanquished.

Vanquished Creatures (others)
  A smoke demon (Bailey)
  A ynoxinul (Bailey)
  A neqoxec (Bailey)
  A crimson imp (Bailey)
  A quasit (Bailey)
  An iron imp (Bailey)
  2 ufetubi (Bailey)
8 creatures vanquished.

Grand Total: 226 creatures vanquished

Notes
Turn   | Place    | Note
--------------------------------------------------------------
     0 | D:1      | abixa, the Vine Stalker Monk, began the quest for the Orb.
     0 | D:1      | Reached XP level 1. HP: 11/11 MP: 1/1
   148 | D:2      | Reached XP level 2. HP: 10/16 MP: 3/3
   442 | D:1      | Reached XP level 3. HP: 17/19 MP: 4/4
   491 | D:1      | Reached skill level 5 in Unarmed Combat
   893 | D:2      | Found a white marble altar of Elyvilon.
   938 | D:2      | Reached XP level 4. HP: 23/23 MP: 5/5
  1141 | D:3      | Noticed abixa's ghost (average CeWr)
  1398 | D:3      | Reached XP level 5. HP: 23/28 MP: 7/7
  1675 | D:3      | Found a deep blue altar of Sif Muna.
  1737 | D:3      | Noticed a phantom
  1879 | D:3      | Reached skill level 6 in Unarmed Combat
  2249 | D:2      | Gained mutation: You heal very quickly. [vine stalker growth]
  2249 | D:2      | Reached XP level 6. HP: 17/33 MP: 8/8
  2569 | D:3      | Killed a phantom
  3002 | D:4      | Found a staircase to the Ecumenical Temple.
  3003 | D:4      | Noticed Dowan
  3018 | Temple   | Entered the Ecumenical Temple
  3049 | Temple   | Became a worshipper of Makhleb the Destroyer
  3049 | Temple   | Acquired Makhleb's first power
  3049 | Temple   | Acquired Makhleb's second power
  3122 | Temple   | Reached XP level 7. HP: 30/38 MP: 9/9
  3199 | D:4      | Reached skill level 5 in Fighting
  3216 | D:4      | Noticed Duvessa
  3234 | D:4      | Killed Duvessa
  3234 | D:4      | Reached skill level 7 in Unarmed Combat
  3239 | D:4      | Killed Dowan
  3319 | D:4      | Noticed Pikel
  3359 | D:4      | Noticed puimuR's ghost (weakling TrAM)
  3595 | D:5      | Entered Level 5 of the Dungeon
  3678 | D:5      | Found a radiant altar of Vehumet.
  3688 | D:5      | Reached skill level 1 in Invocations
  3717 | D:5      | Gained mutation: You have razor-sharp teeth. [vine stalker growth]
  3717 | D:5      | Reached XP level 8. HP: 33/44 MP: 13/13
  3911 | D:5      | Noticed Yermak's ghost (average SpAs)
  4104 | D:4      | Killed puimuR's ghost
  4230 | D:4      | Acquired Makhleb's third power
  4242 | D:4      | Killed Pikel
  4242 | D:4      | Reached skill level 8 in Unarmed Combat
  4242 | D:4      | Reached skill level 5 in Invocations
  4242 | D:4      | Reached XP level 9. HP: 38/49 MP: 15/19
  4516 | D:6      | Found a snail-covered altar of Cheibriados.
  4521 | D:6      | Found a basalt altar of Yredelemnul.
  4942 | D:6      | Reached skill level 9 in Unarmed Combat
  5022 | D:6      | Noticed Natasha
  5042 | D:6      | Killed Natasha
  5277 | D:6      | Noticed Natasha
  5289 | D:6      | Killed Natasha
  5568 | D:7      | Acquired Makhleb's fourth power
  5620 | D:7      | Found a flagged portal.
  5654 | Bailey   | Entered a bailey
  6035 | Bailey   | Noticed an orc knight
  6048 | Bailey   | Killed an orc knight
  6101 | Bailey   | Noticed an orange demon
  6112 | Bailey   | Killed an orange demon
  6365 | Bailey   | Noticed an orc knight
  6410 | Bailey   | Killed an orc knight
  6410 | Bailey   | Reached XP level 10. HP: 38/55 MP: 17/24
  6448 | Bailey   | Noticed an orc knight
  6451 | Bailey   | Noticed an orc knight
  6496 | Bailey   | Mangled by an orc knight

Action                   |  1- 3 |  4- 6 |  7- 9 | 10-12 || total
-------------------------+-------+-------+-------+-------++-------
Melee: Unarmed           |   107 |   219 |   336 |       ||   662
       Dagger            |       |     7 |    17 |       ||    24
Throw: Stone             |    16 |    31 |    15 |       ||    62
Invok: Minor Destruction |       |       |    90 |    12 ||   102
       Lesser Servant of |       |       |     7 |     2 ||     9
       Major Destruction |       |       |     3 |       ||     3
  Use: Scroll            |       |       |    12 |     1 ||    13
 Stab: Sleeping          |     5 |     2 |     3 |       ||    10
  Eat: Chunk             |       |     7 |    14 |     1 ||    22
